 Dungeon Crawl Stone Soup version 0.30.0 (webtiles) character file.

Game seed: 8190831431621248397

130 cheesebisquit the Grave Robber (level 5, -6/38 HPs)
             Began as a Hill Orc Necromancer on May 6, 2023.
             Killed from afar by Sigmund (10 damage)
             ... with a puff of flame
             ... on level 2 of the Dungeon.
             The game lasted 00:06:50 (2344 turns).

cheesebisquit the Grave Robber (HONe)               Turns: 2344, Time: 00:06:50

Health: -6/38      AC:  2    Str: 11    XL:     5   Next: 13%
Magic:  7/8        EV: 12    Int: 17    God:
Gold:   89         SH:  0    Dex: 11    Spells: 8/9 levels left

rFire   . . .        e - +2 dagger (venom)
rCold   . . .        (no shield)
rNeg    . . .        a - +0 robe
rPois   .            (no helmet)
rElec   .            (no cloak)
rCorr   .            (no gloves)
SInv    .            (no boots)
Will    .....        (no amulet)
Stlth   ++           (no ring)
HPRegen 0.26/turn    (no ring)
MPRegen 0.11/turn

%: no passive effects
@: very slightly contaminated
A: no striking features
a: no special abilities


You were on level 2 of the Dungeon.
You visited 1 branch of the dungeon, and saw 2 of its levels.

You collected 89 gold pieces.

Inventory:

Hand Weapons
 e - a +2 dagger of venom (weapon)
Missiles
 j - 6 silver javelins
 k - 8 poisoned darts
Armour
 a - a +0 robe (worn)
Scrolls
 c - 2 scrolls of torment {unknown}
 d - 3 scrolls of identify {unknown}
 f - 2 scrolls of butterflies {unknown}
 n - a scroll of poison {unknown}
Potions
 g - a potion of attraction {unknown}
 h - 2 potions of heal wounds {unknown}
 i - a potion of might
 l - 2 potions of curing {unknown}
 m - a potion of mutation {unknown}
 o - a potion of degeneration {unknown}
 p - a potion of haste {unknown}


   Skills:
 - Level 1.5 Dodging
 - Level 1.5 Stealth
 + Level 2.5 Spellcasting
 + Level 5.6 Necromancy


You had 8 spell levels left.
You knew the following spells:

 Your Spells              Type           Power      Damage    Failure   Level
a - Necrotise             Necr           84%        1d8       1%          1

Your spell library contained the following spells:

 Spells                   Type           Power      Damage    Failure   Level
 Vampiric Draining        Necr           21%        2d7       5%          3
 Animate Dead             Necr           21%        N/A       19%         4
 Agony                    Necr           21%        N/A       45%         5
 Petrify                  Tmut/Erth      2%         N/A       88%         4
 Metabolic Englaciation   Hex/Ice        1%         N/A       99%         5
 Statue Form              Tmut/Erth      1%         N/A       100%        6


Dungeon Overview and Level Annotations

Branches:
Dungeon (2/15)

Altars:

Annotations:
D:2 1 runed translucent door, Crazy Yiuf, Sigmund


Message History

Sigmund writhes in agony.
Sigmund writhes in agony.
Sigmund resists with significant effort.
Sigmund resists with significant effort.
Sigmund hits you from afar with a +0 scythe!
Okay, then.
Sigmund resists with significant effort.
Sigmund casts a spell at you. The magic dart hits you!
You are too injured to fight recklessly!
Aiming: Necrotise (safe; 1% risk of failure)
Press: ? - help, Q - select action, (/) - cycle Shift-Dir - straight line, f/p - Sigmund
Aim: Sigmund, wielding a +0 scythe and wearing a +2 robe of willpower (moderately wounded, chance to affect: 56%) Sigmund writhes in agony.
Sigmund gestures at you while chanting. The puff of flame hits you!
* * * LOW HITPOINT WARNING * * *
Aiming: Necrotise (safe; 1% risk of failure)
Press: ? - help, Q - select action, (/) - cycle Shift-Dir - straight line, f/p - Sigmund
Aim: Sigmund, wielding a +0 scythe and wearing a +2 robe of willpower (moderately wounded, chance to affect: 56%) Sigmund resists with significant effort.
Sigmund casts a spell at you. The magic dart hits you.
* * * LOW HITPOINT WARNING * * *
Unknown command.
Okay, then.
Magic courses through your body. Sigmund misses you.
Aiming: Necrotise (safe; 1% risk of failure)
Press: ? - help, Q - select action, (/) - cycle Shift-Dir - straight line, f/p - Sigmund
Aim: Sigmund, wielding a +0 scythe and wearing a +2 robe of willpower (moderately wounded, chance to affect: 56%)
You miscast Necrotise.
You are very lightly contaminated with residual magic.
Nothing appears to happen.
Aiming: Necrotise (safe; 1% risk of failure)
Press: ? - help, Q - select action, (/) - cycle Shift-Dir - straight line, f/p - Sigmund
Aim: Sigmund, wielding a +0 scythe and wearing a +2 robe of willpower (moderately wounded, chance to affect: 56%) Sigmund writhes in agony!
Sigmund gestures at you while chanting. The puff of flame hits you!
You die...

............##..)........
...............|.........
...............##...#....
...#...#.......##...#....
..##...#.......##........
..##.).......####........
..##.........# ##........
..##.........# #.........
..##.........# #@...####'#### ##
####....>....# #....#.......####.
####..........##@................
...#.............................
##.#.......................#.....
.#.# ................#.....
.#.########........####....#.....
........##.......................
............[.#######.^......###.


You could see Sigmund.

Vanquished Creatures
  Natasha (thrice) (D:2)
  An adder (D:2)
  A worm (D:2)
  A dart slug (D:2)
  2 endoplasms
  A giant cockroach (D:2)
  2 goblins
  5 hobgoblins
  5 jackals (D:2)
  3 quokkas
  7 ball pythons
  5 bats (D:1)
  A frilled lizard (D:1)
  2 kobolds
  3 rats (D:1)
42 creatures vanquished.

Vanquished Creatures (collateral kills)
  A kobold (D:1)
1 creature vanquished.

Grand Total: 43 creatures vanquished

Notes
Turn   | Place    | Note
-------+----------+-------------------------------------------
     0 | D:1      | cheesebisquit the Hill Orc Necromancer began the quest for
                  | the Orb.
     0 | D:1      | Reached XP level 1. HP: 14/14 MP: 3/3
   188 | D:1      | Reached XP level 2. HP: 20/20 MP: 0/4
  1208 | D:2      | Reached XP level 3. HP: 16/26 MP: 0/5
  1452 | D:2      | Found a runed translucent door.
  1453 | D:2      | Noticed Crazy Yiuf
  1509 | D:2      | Reached skill level 5 in Necromancy
  1703 | D:2      | Noticed Natasha
  1709 | D:2      | Killed Natasha
  1710 | D:2      | Reached XP level 4. HP: 33/33 MP: 0/7
  1836 | D:2      | Noticed Sigmund
  2013 | D:2      | Noticed Natasha
  2020 | D:2      | Killed Natasha
  2146 | D:2      | Noticed Natasha
  2153 | D:2      | Killed Natasha
  2154 | D:2      | Reached XP level 5. HP: 38/38 MP: 1/8
  2344 | D:2      | Killed from afar by Sigmund

Illustrated notes

Levels and vault maps discovered:
D:1:      giann_wishing_wells, layout_basic, minmay_octomino_c4
D:2:      layout_basic, minmay_misc_feat_doors, uniq_sigmund, uniq_natasha,
          uniq_crazy_yiuf_cottage

Skill      XL: |  1  2  3 |
---------------+----------+-----
Necromancy     | 5 |  5.6
Spellcasting   | 2 |  2.5
Dodging        | |  1.5
Stealth        | |  1.5

Action                     |  1- 3 |  4- 6 || total
---------------------------+-------+-------++-------
  Melee: Unarmed           |     2 |       ||     2
         Dagger            |    31 |       ||    31
   Cast: Necrotise         |    55 |    36 ||    91
    Use: Potion            |       |     1 ||     1
 Armour: Robe              |    13 |     5 ||    18
  Dodge: Dodged            |    27 |     7 ||    34
